[Event "German Bundesliga 2024-25"]
[Site "Germany"]
[Date "2025.01.11"]
[Round "5.5"]
[White "Alonso Rosell, Alvar"]
[Black "Razafindratsima, Timothe"]
[Result "1/2-1/2"]
[Annotator "TA"]
[ECO "E01"]
[WhiteElo "2532"]
[BlackElo "2465"]
[PlyCount "49"]
[EventDate "2024.09.27"]
[EventType "team-tourn"]
[EventCountry "GER"]
[SourceTitle "playchess.com"]
[Source "ChessBase"]
[SourceQuality "1"]
[WhiteTeam "Bayern Muenchen"]
[BlackTeam "Bad Mergentheim"]
[TimeControl "40/5400+30:1800+30"]

1. d4 Nf6 2. Nf3 e6 3. c4 d5 4. g3 Nc6 5. Bg2 Bd6 6. O-O O-O 7. b3 Re8 8. Bb2 b6 9. Nc3 Bb7 10. Rc1 Rc8 11. Nb5 a6 12. Nxd6 cxd6 13. Nd2 Rc7 14. e4 Nb4 15. e5 dxe5 16. dxe5 Nd7 17. cxd5 Rxc1 18. Qxc1 (18. Bxc1 {simplifies} exd5 19. Ba3 a5 20. Bxb4 axb4 21. f4) 18... Nd3 19. Qc3 Nxb2 20. Qxb2 Bxd5 21. Bxd5 exd5 22. Nf3 d4 23. e6 ({Much weaker is} 23. Qxd4 Nxe5 24. Qe4 Nd3 $11) (23. Re1 $1 $14) 23... Rxe6 $11 24. Qxd4 {[%emt 0:00:12] Black must now prevent Rd1.} h6 25. Rd1 1/2-1/2

[Event "German Bundesliga 2024-25"]
[Site "Germany"]
[Date "2025.01.11"]
[Round "5.5"]
[White "Feygin, Michael"]
[Black "Huschenbeth, Niclas"]
[Result "1/2-1/2"]
[Annotator "TA"]
[ECO "D02"]
[WhiteElo "2448"]
[BlackElo "2594"]
[PlyCount "251"]
[EventDate "2024.09.27"]
[EventType "team-tourn"]
[EventCountry "GER"]
[SourceTitle "playchess.com"]
[Source "ChessBase"]
[SourceQuality "1"]
[WhiteTeam "Muelheim Nord"]
[BlackTeam "Hamburg"]
[TimeControl "40/5400+30:1800+30"]

1. d4 d5 2. Nf3 Nf6 3. Bf4 c5 4. e3 Nc6 5. Nbd2 cxd4 6. exd4 Bf5 7. Bb5 Qb6 8. c4 dxc4 9. a4 Bd3 (9... e6 10. Nxc4 Bb4+ 11. Bd2 Bxd2+ 12. Qxd2 Qc7) 10. Ne5 e6 11. Ndxc4 Bb4+ (11... Qxd4 $2 12. Nxd3 (12. Qxd3 Qxf4 13. g3 Qe4+ 14. Qxe4 Nxe4 $18) 12... Rd8 13. O-O Qxd3 14. Qc1 $18 (14. Nd6+ Qxd6 15. Bxd6 Bxd6 $18)) (11... Bxc4 12. Nxc4 Bb4+ 13. Bd2 Bxd2+ 14. Qxd2 Qc7) 12. Bd2 Bxc4 (12... Qxd4 $2 13. Nxd3 (13. Bxb4 Qe4+ 14. Kd2 Bxc4 $17) 13... Bxd2+ (13... Qxd3 $2 14. Bxb4 Qe4+ 15. Kf1 $18) 14. Qxd2 $18 (14. Nxd2 O-O $18)) (12... Bxd2+ {simplifies} 13. Qxd2 Bxc4 14. Nxc4 Qc7) 13. Nxc4 Bxd2+ (13... Qxd4 $2 14. Bxb4 O-O-O 15. Qxd4 Nxd4 16. O-O $18) 14. Qxd2 Qc7 15. Ne5 O-O 16. Bxc6 bxc6 17. Rc1 c5 18. Rxc5 Qb7 19. f3 $1 Nd7 20. Rb5 Qc8 21. Ng4 Rb8 22. O-O Rxb5 23. axb5 Qc4 24. Ra1 Qxb5 25. Rxa7 Qc6 ({Black should play} 25... Rb8 $11) 26. Qg5 h5 {[%emt 0:14:12][%cal Bh7h5,Bh5g4][%mdl 32] [#]} 27. Rxd7 $1 hxg4 $1 28. Rd8 Rxd8 $1 29. Qxd8+ $14 {[%emt 0:00:05][%mdl 4096] Endgame KQ-KQ. White is a pawn up.} Kh7 30. Qh4+ $1 (30. fxg4 Qc1+ 31. Kf2 Qxb2+ 32. Kf3 Qc3+ 33. Ke2 Qc2+ 34. Kf3 Qd3+ 35. Kf2 f6 $11) 30... Kg8 31. Qd8+ ({Don't play} 31. fxg4 Qc1+ 32. Kf2 Qd2+ (32... Qxb2+ 33. Ke3 $15) 33. Kf1 Qd3+ 34. Ke1 Qb1+ (34... Qxd4 35. Qf2 $15) 35. Ke2 Qxb2+ 36. Ke3 Qc1+ (36... Qxg2 37. Qd8+ Kh7 38. Qh4+ Kg6 39. Qh5+ Kf6 40. Qh4+ Kg6 41. Qh5+ Kf6 42. Qh4+ Kg6 $11) 37. Ke4 Qc2+ 38. Ke3 Qb3+ (38... Qxg2 39. Qd8+ Kh7 40. Qh4+ Kg8 41. Qd8+ Kh7 42. Qh4+ Kg6 43. Qh5+ Kf6 44. Qh4+ Kg6 45. Qh5+ Kf6 46. Qh4+ Kg6 $11) 39. Kf4 Qd5 $17) ({White should try} 31. Qxg4 $14 Qc1+ 32. Kf2) 31... Kh7 $11 32. Qh4+ Kg8 33. Qxg4 (33. fxg4 Qc1+ 34. Kf2 Qd2+ (34... Qxb2+ 35. Kf1 $15) 35. Kf1 Qd3+ 36. Ke1 Qb1+ (36... Qxd4 37. Qf2 $11) 37. Ke2 Qxb2+ 38. Kd3 Qb3+ (38... Qxg2 39. Qd8+ Kh7 40. Qh4+ Kg8 41. Qd8+ Kh7 42. Qh4+ Kg8 $11) 39. Ke2 Qd5 $15) 33... Qc1+ 34. Kf2 Qxb2+ 35. Kg3 Qd2 36. Qf4 Qe1+ 37. Kh3 Qf2 38. Qb8+ Kh7 39. Qc7 f6 40. Qf7 $1 Qxd4 41. Qh5+ Kg8 42. Qe8+ Kh7 43. Qxe6 Qc5 44. Qe4+ Kg8 45. Qe8+ Kh7 46. Qe4+ Kg8 $1 47. Kg3 Qg5+ 48. Kf2 Qc5+ 49. Qe3 Qc2+ 50. Kf1 Qb1+ 51. Kf2 Qc2+ $1 52. Kf1 Qb1+ 53. Qe1 $1 Qb6 54. Qe8+ Kh7 55. Qe4+ Kg8 56. h4 Qc5 57. g4 Qc1+ 58. Qe1 Qc4+ 59. Qe2 Qc1+ 60. Kg2 Kf7 61. Qa2+ Kf8 62. Qa8+ Kf7 63. Qd5+ Kf8 64. h5 (64. g5 $16) 64... Qc2+ 65. Kg3 Qc7+ 66. Kf2 Qh2+ 67. Ke3 Qg1+ 68. Kf4 Qc1+ 69. Kf5 Qc2+ 70. Kf4 Qc1+ 71. Ke4 Qb1+ 72. Qd3 Qe1+ 73. Kd5 Qa5+ 74. Kc4 Qc7+ 75. Kb3 Qb6+ 76. Kc2 Qf2+ 77. Kd1 Qg1+ 78. Ke2 Qg2+ 79. Ke3 Qg1+ 80. Ke4 Qe1+ 81. Qe3 Qb1+ 82. Kf4 Qb8+ 83. Kf5 {[%emt 0:00:42] Kg6 would now be deadly.} Qb1+ 84. Ke6 Qa2+ 85. Kd6 Qa6+ 86. Kc7 Qc4+ 87. Kd7 Qd5+ 88. Kc7 Qc4+ 89. Kb6 Qb4+ 90. Kc6 Qa4+ 91. Kd5 Qa2+ 92. Kd4 Qa1+ 93. Qc3 Qd1+ 94. Ke3 Qg1+ 95. Kf4 Kg8 96. Qc8+ Kh7 97. Qc2+ Kh8 98. Qd2 Qc5 99. Kg3 Qg1+ 100. Qg2 Qe1+ 101. Qf2 Qc3 102. Qe2 Qc1 103. Kg2 Kh7 104. Qe4+ Kh8 105. f4 Qd2+ 106. Kg3 Qc3+ 107. Kh4 Qd2 108. g5 fxg5+ 109. fxg5 Qh2+ 110. Kg4 Qg1+ 111. Kf5 Qc5+ 112. Kg6 Qd6+ 113. Kf7 Qc7+ 114. Kf8 Qc5+ 115. Kf7 Qc7+ ({And not} 115... Qxg5 116. Qe8+ Kh7 117. Qg8+ Kh6 118. Qh8#) 116. Qe7 Qc4+ 117. Qe6 Qc7+ 118. Kf8 (118. Qe7 $5 Qc4+ $8 119. Qe6 Qf1+ 120. Ke7 $11) 118... Qc5+ 119. Qe7 Qf5+ 120. Ke8 Qb5+ 121. Kd8 Qb8+ 122. Kd7 {[%emt 0:00:04] Qe8+ would kill now.} Qb7+ 123. Ke8 Qb5+ 124. Kf8 Qf5+ 125. Qf7 Qc5+ 126. Qe7 1/2-1/2

[Event "German Bundesliga 2024-25"]
[Site "Germany"]
[Date "2025.01.11"]
[Round "5.6"]
[White "Socko, Bartosz"]
[Black "Ganguly, Surya Shekhar"]
[Result "1-0"]
[Annotator "TA"]
[ECO "C45"]
[WhiteElo "2553"]
[BlackElo "2578"]
[PlyCount "113"]
[EventDate "2024.09.27"]
[EventType "team-tourn"]
[EventCountry "GER"]
[SourceTitle "playchess.com"]
[Source "ChessBase"]
[SourceQuality "1"]
[WhiteTeam "St. Pauli"]
[BlackTeam "SG Solingen"]
[TimeControl "40/5400+30:1800+30"]

1. e4 e5 2. Nf3 Nc6 3. d4 exd4 4. Nxd4 Bc5 5. Nb3 Bb6 6. Nc3 d6 7. Qe2 a5 8. a4 Nge7 9. Be3 Bxe3 10. Qxe3 O-O 11. Bc4 Nb4 12. O-O-O Be6 13. Bxe6 fxe6 14. f4 Qe8 15. Nb5 Nc8 16. N3d4 Rf7 17. f5 exf5 18. Qb3 Na6 19. Ne6 Qe7 20. exf5 c6 21. Rhe1 cxb5 22. axb5 a4 23. Qc3 a3 24. bxa3 Nc5 25. Nxc5 Qg5+ 26. Kb1 (26. Qd2 Qxd2+ (26... Qxf5 $2 27. Re8+ Rf8 28. Rxf8+ Qxf8 29. Qd5+ Kh8 30. Ne6 $18) 27. Rxd2 dxc5 28. Rd8+ Rf8 $17) 26... Na7 27. Ne4 (27. Rxd6 $2 Nxb5 28. Qd3 (28. Qd2 $2 Nxa3+ 29. Kc1 Qxd2+ 30. Rxd2 Nc4 $19) 28... Nxd6 29. Qxd6 Qxf5 $19 (29... Rxf5 $2 30. Qe6+ Kh8 31. Nd7 $19)) 27... Qxf5 (27... Nxb5 28. Qb3 Qxf5 29. a4 (29. Nxd6 Nxd6 30. Rxd6 Kh8 $16)) 28. a4 ({Worse is} 28. Rxd6 Nxb5 29. Qb3 Nxa3+ (29... Nxd6 $2 30. Nxd6 Qf6 31. Re6 $18) 30. Kc1 Kh8 $15) 28... Nxb5 29. axb5 Qxb5+ 30. Qb3 Qa5 31. Kb2 (31. Nxd6 $2 Qa1#) 31... Qe5+ (31... Qa4 $142 32. Qxa4 (32. Nxd6 Qxb3+ 33. Kxb3 Rf2 $18) 32... Rxa4 33. Nxd6 (33. Rxd6 h6 $18) 33... Rf8) 32. Nc3 $18 Qxh2 33. Re7 Qf4 34. Rxd6 Kh8 (34... Kf8 $142) 35. Rxf7 Qxd6 36. Rxb7 h6 37. Qb4 Qg3 38. Qe4 Qf2 39. Qg6 Qf8 40. Rb3 Qf1 41. Nb1 Qf4 42. Qc6 Qd4+ 43. Qc3 ({Resist} 43. Nc3 Qa7 44. Nb1 Qa1+ 45. Kc1 Rf8 $18) 43... Qd5 44. Qc7 Qd4+ (44... Kh7 $142 45. g3 Qe6) 45. Nc3 $18 Kh7 46. Rb8 Ra4 47. Kb3 Ra6 48. Rh8+ Kg6 49. Qg3+ Kf7 50. Qf3+ Kg6 51. Qd3+ Qxd3 52. cxd3 Kf5 (52... Kf7 $142 53. Ne4 Rb6+ 54. Kc4 Ra6) 53. d4 $18 Kf4 54. d5 Kg3 55. d6 Ra7 56. Ne4+ Kxg2 57. Nc5 1-0

[Event "German Bundesliga 2024-25"]
[Site "Germany"]
[Date "2025.01.11"]
[Round "5.6"]
[White "Lampert, Jonas"]
[Black "Hausrath, Daniel"]
[Result "1-0"]
[Annotator "TA"]
[ECO "B07"]
[WhiteElo "2526"]
[BlackElo "2455"]
[PlyCount "113"]
[EventDate "2024.09.27"]
[EventType "team-tourn"]
[EventCountry "GER"]
[SourceTitle "playchess.com"]
[Source "ChessBase"]
[SourceQuality "1"]
[WhiteTeam "Hamburg"]
[BlackTeam "Muelheim Nord"]
[TimeControl "40/5400+30:1800+30"]

1. d4 d6 2. e4 Nf6 3. Nc3 e5 4. dxe5 dxe5 5. Qxd8+ Kxd8 6. Bc4 Be6 7. Bxe6 fxe6 8. f3 Bd6 9. Nh3 Ke7 10. Nf2 a6 11. Be3 Nbd7 12. Nb1 b5 13. Nd2 Rhb8 14. Ke2 Nb6 15. b3 Bb4 16. c3 Bxc3 17. Rac1 Bxd2 18. Kxd2 Ne8 19. Nd3 Nd7 20. Nb4 $1 Rc8 21. Nc6+ Kf6 22. g4 Nd6 23. Ke2 h6 24. h4 (24. Na7 $6 Rxa7 25. Bxa7 c5 $18) 24... Nf7 25. Na7 (25. g5+ $142 hxg5 26. hxg5+ Nxg5 27. Rcf1) 25... Rxa7 $18 26. Bxa7 c5 27. b4 $1 c4 28. Rhd1 Rc7 29. Be3 Nf8 (29... Ke7 30. Rc3 Nd8) 30. h5 $18 Nd7 31. Rc2 Ke7 32. a4 Nd8 33. axb5 axb5 34. g5 Nc6 35. gxh6 gxh6 36. Rcc1 (36. Bxh6 Nd4+ 37. Kd2 Ra7 $16) 36... Nxb4 (36... Nf6 {keeps fighting.}) 37. Bxh6 $18 Nd3 38. Rb1 b4 39. Bd2 b3 40. h6 Nf6 41. Rg1 Kd6 {[%emt 0:02:50] [#]} 42. Rxb3 (42. Rg7 $142 $3 ) 42... cxb3 $18 43. Kxd3 Rb7 44. Rb1 (44. Kc3 $18) 44... Nd7 $2 (44... Ke7 $16 {is more resistant.} 45. Kc4 Nd7) 45. Kc4 $2 (45. h7 $18 {is the precise move to win.} Rb8 (45... Nc5+ $2 46. Kc4 $18) 46. Bb4+ Kc6 47. Rh1 (47. Rxb3 Nc5+ 48. Bxc5 Rxb3+ 49. Kc4 Rb8 $11)) 45... Rc7+ $2 (45... Ke7 $16 46. Rxb3 Rc7+ 47. Kb4 Kf6) 46. Kxb3 $18 Nc5+ 47. Ka3 Rf7 48. Rf1 Nxe4 $2 {[%emt 0:00:24] [#]} (48... Nd3 49. Kb3 Nc5+ 50. Kc4 Nb7) 49. Bb4+ $1 $18 Nc5 50. Rc1 Ra7+ 51. Kb2 Rb7 52. Rc4 Kd5 53. Rxc5+ Kd4 54. Kb3 Rh7 55. Rc4+ Ke3 56. Rc3+ Kf4 57. Bf8 1-0

[Event "German Bundesliga 2024-25"]
[Site "Germany"]
[Date "2025.01.11"]
[Round "5.6"]
[White "Ikonnikov, Vyacheslav"]
[Black "Lokander, Martin"]
[Result "1/2-1/2"]
[Annotator "TA"]
[ECO "D85"]
[WhiteElo "2465"]
[BlackElo "2467"]
[PlyCount "72"]
[EventDate "2024.09.27"]
[EventType "team-tourn"]
[EventCountry "GER"]
[SourceTitle "playchess.com"]
[Source "ChessBase"]
[SourceQuality "1"]
[WhiteTeam "Bad Mergentheim"]
[BlackTeam "Bayern Muenchen"]
[TimeControl "40/5400+30:1800+30"]

1. d4 Nf6 2. Nf3 g6 3. c4 Bg7 4. Nc3 d5 5. cxd5 Nxd5 6. e4 Nxc3 7. bxc3 c5 8. Bb5+ Nc6 9. O-O O-O 10. Bxc6 bxc6 11. Qc2 cxd4 12. cxd4 Bg4 13. Ne5 Qxd4 14. Bb2 Qb6 15. Rab1 Bxe5 $1 16. Bxe5 Qa5 17. Bc3 Qc5 18. h3 Be2 19. Rfc1 {[%emt 0:02:20][%mdl 1024] White has compensation.} (19. Qxe2 Qxc3 20. Rfc1 Qe5 $11) 19... Ba6 20. Qd2 Qd6 21. Qh6 f6 {[%emt 0:00:46] [#]} 22. e5 $1 fxe5 23. Re1 (23. Qe3 e4 24. Bd4 Bb5 25. Bc5) 23... Rf5 24. g4 Rf7 $1 25. Bxe5 ({Reject} 25. Rxe5 Raf8 26. Re3 c5 $15) 25... Qd5 26. Rbd1 {[%emt 0:08:28] Really sharp!} Qxa2 27. Qe3 {[%emt 0:01:13] and Bc3 should not be overlooked} Raf8 28. Ra1 Qc4 29. Rec1 Qe2 30. Qxe2 (30. Bd4 {is interesting.} Bd3 31. Qxe2 Bxe2 32. Rxa7 Rd8 33. Bb6) 30... Bxe2 31. Rxa7 Rxf2 32. Rxe7 R2f7 33. Rxf7 Kxf7 34. Rxc6 Re8 35. Rc7+ Re7 36. Rxe7+ Kxe7 1/2-1/2

[Event "German Bundesliga 2024-25"]
[Site "Germany"]
[Date "2025.01.11"]
[Round "5.7"]
[White "Girel, Joseph"]
[Black "Neuman, Petr"]
[Result "1/2-1/2"]
[Annotator "TA"]
[ECO "D94"]
[WhiteElo "2486"]
[BlackElo "2426"]
[PlyCount "44"]
[EventDate "2024.09.27"]
[EventType "team-tourn"]
[EventCountry "GER"]
[SourceTitle "playchess.com"]
[Source "ChessBase"]
[SourceQuality "1"]
[WhiteTeam "Bayern Muenchen"]
[BlackTeam "Bad Mergentheim"]
[TimeControl "40/5400+30:1800+30"]

1. d4 d5 2. c4 c6 3. Nf3 Nf6 4. e3 g6 5. Nc3 Bg7 6. Be2 O-O 7. O-O dxc4 8. Bxc4 Bg4 9. h3 Bxf3 10. Qxf3 Nbd7 11. Rd1 e5 12. d5 e4 13. Nxe4 Nxe4 14. Qxe4 Nb6 15. Bb3 cxd5 16. Qd3 Qe7 17. Rb1 Rac8 18. Qb5 Rc5 19. Qb4 Rfc8 20. Bd2 Nc4 21. Bxc4 $1 dxc4 22. Bc3 R5c7 (22... Qe4 $5) 1/2-1/2

[Event "German Bundesliga 2024-25"]
[Site "Germany"]
[Date "2025.01.11"]
[Round "5.7"]
[White "Krastev, Alexander"]
[Black "Nielsen, Peter Heine"]
[Result "0-1"]
[Annotator "TA"]
[ECO "B06"]
[WhiteElo "2425"]
[BlackElo "2618"]
[PlyCount "54"]
[EventDate "2024.09.27"]
[EventType "team-tourn"]
[EventCountry "GER"]
[SourceTitle "playchess.com"]
[Source "ChessBase"]
[SourceQuality "1"]
[WhiteTeam "SG Solingen"]
[BlackTeam "St. Pauli"]
[TimeControl "40/5400+30:1800+30"]

1. e4 c5 2. Nf3 g6 3. c3 d5 4. exd5 Qxd5 5. d4 Bg7 6. Nbd2 cxd4 7. Bc4 Qd8 8. Nxd4 Nf6 9. O-O O-O 10. N2f3 Qc7 11. Qe2 Nc6 12. Nxc6 bxc6 13. Re1 e6 14. Ne5 Nd5 15. h4 c5 16. h5 Bb7 17. h6 Bh8 18. Bb3 Rad8 19. c4 (19. Rb1 $11 {remains equal.}) 19... Ne7 $1 $17 20. Bf4 {[%emt 0:00:03] [#]} (20. Bc2 $17) 20... Rd4 $1 $19 21. Bh2 {[%emt 0:03:08][%cal Oe5g6] [#] Black must now prevent Nxg6!.} Qd8 (21... Re4 $1 $19 22. Nf3 Qb6) 22. Rad1 $15 Nf5 $1 23. Ng4 $2 (23. Rxd4 $1 $15 Nxd4 24. Qe3) 23... Qh4 $40 {[%emt 0:02:28][%mdl 128] Black goes for the king.} 24. Rxd4 $2 (24. Ne5) 24... Nxd4 $19 ({Inferior is} 24... cxd4 25. c5 Rd8 (25... Nxh6 26. Nxh6+ Qxh6 27. Qb5 $16) (25... d3 26. Qxe6 Qd8 27. Qc4 $14) 26. Bc7 $11) (24... Bxd4 $2 25. Bc2 $19) 25. Qd1 f5 26. Ne5 (26. Ne3 $142) 26... Qg5 27. f3 Bxe5 0-1

[Event "German Bundesliga 2024-25"]
[Site "Germany"]
[Date "2025.01.11"]
[Round "5.7"]
[White "Dinstuhl, Volkmar"]
[Black "Costa, Leonardo"]
[Result "1/2-1/2"]
[Annotator "TA"]
[ECO "A13"]
[WhiteElo "2380"]
[BlackElo "2501"]
[PlyCount "137"]
[EventDate "2024.09.27"]
[EventType "team-tourn"]
[EventCountry "GER"]
[SourceTitle "playchess.com"]
[Source "ChessBase"]
[SourceQuality "1"]
[WhiteTeam "Muelheim Nord"]
[BlackTeam "Hamburg"]
[TimeControl "40/5400+30:1800+30"]

1. b3 Nf6 2. Bb2 d5 3. Nf3 e6 4. c4 Be7 5. e3 O-O 6. Be2 c5 7. O-O dxc4 8. bxc4 b6 9. d3 Bb7 10. Nbd2 Nc6 11. Ne5 Nxe5 12. Bxe5 Nd7 13. Bb2 Bf6 14. Bxf6 Qxf6 15. Bf3 Bxf3 16. Nxf3 Rfd8 17. Qe2 Nb8 18. Rab1 Nc6 19. Rfc1 h6 20. Rb3 Rd7 21. h3 Rad8 22. Ne1 e5 23. a3 Qe6 24. Qc2 f5 25. Rc3 Rd6 26. Qe2 g6 27. Nf3 e4 28. dxe4 fxe4 29. Nh2 Ne5 30. Nf1 h5 31. Qc2 Nd3 32. Rd1 Kh7 33. f4 a6 34. Rb1 Rg8 35. Ng3 h4 36. Ne2 Qf6 37. Rf1 b5 38. cxb5 axb5 39. Rb3 b4 40. axb4 cxb4 41. Nd4 Rg7 42. f5 Rf7 43. Qc4 Rdd7 44. Rbb1 Qg5 45. fxg6+ Qxg6 46. Ne6 Ne5 47. Qa2 b3 {[%emt 0:05:42] [#]} 48. Rxf7+ $1 (48. Rxb3 Rxf1+ (48... Qxe6 $2 49. Rxf7+ Qxf7 50. Qb1 $19) 49. Kxf1 Rd1+ (49... Qxe6 $2 50. Qb1 $19) 50. Ke2 Qh5+ (50... Qxg2+ $2 51. Kxd1 Qxa2 52. Nc5 $19) 51. Kf2 Nd3+ 52. Rxd3 Qf7+ 53. Nf4 Qxa2+ 54. Ne2 Rxd3 (54... exd3 55. Kf3 dxe2 56. g3 e1=Q 57. Kg4 Qxg3+ 58. Kf5 Qf7+ 59. Ke4 Qfg6#) 55. g3 Qd2 (55... Qf7+ 56. Nf4 Qa2+ 57. Ne2 Qd2 58. Kf1 Rxe3 59. gxh4 Rxe2 60. h5 Re1#) 56. gxh4 Rxe3 (56... Qxe3+ 57. Ke1 Qf3 58. h5 e3 59. h4 Qf2#) 57. h5 Rxe2+ 58. Kg3 Qg5#) (48. Qxb3 $2 Nf3+ 49. Kh1 Rd2 $19) 48... Rxf7 49. Qxb3 (49. Rxb3 $2 Nf3+ (49... Qxe6 $2 50. Qb2 $19) 50. Kh1 Qxe6 $19) 49... Qg3 50. Kh1 Nf3 51. gxf3 (51. Qb8 $1 $16 {[%cal Rb8g3] and Qxg3 should not be overlooked} Re7 52. Qxg3 hxg3 53. gxf3 Rxe6 54. f4) 51... Qxf3+ 52. Kg1 Qg3+ 53. Kh1 Qxh3+ 54. Kg1 Qg3+ 55. Kh1 Qh3+ 56. Kg1 Qg4+ 57. Kh1 Rf3 $2 (57... Rf2 $11 58. Qb7+ Kh6 59. Qg7+ Qxg7 60. Nxg7 Kxg7) 58. Nf4 Qd7 59. Qb7 (59. Rg1 $2 Rh3+ 60. Kg2 Qg4+ 61. Kf2 Rf3+ 62. Ke2 Rg3+ (62... Qxg1 63. Qf7+ Qg7 64. Qh5+ Qh6 65. Qf5+ Kh8 66. Qc8+ Kg7 67. Qc7+ Kf8 68. Qc5+ Kf7 69. Qf5+ Qf6 70. Qd5+ Kf8 71. Qa8+ Kf7 72. Qd5+ Kf8 73. Qa8+ Kf7 74. Qd5+ $11) 63. Kd2 Qd7+ (63... Rxg1 64. Qb7+ Kh6 65. Qb6+ Kh7 66. Qb7+ Kh8 67. Qb8+ Qg8 68. Qe5+ Qg7 69. Qe8+ Kh7 70. Qxe4+ Kg8 71. Qa8+ Qf8 72. Qd5+ Qf7 73. Qd8+ Kg7 74. Qd4+ Kg8 75. Qd8+ Kg7 76. Qd4+ Kh7 77. Qd3+ Kg8 78. Qd8+ $11) 64. Nd5 Rxg1 $19) (59. Qb8 $142 Rh3+ 60. Nxh3 Qxh3+ 61. Qh2 Qf3+ 62. Qg2 Qf7 63. Qxe4+ Kg8 64. Qg2+ (64. Qxh4 Qf3+ 65. Kh2 Qe2+ 66. Kh3 Qxe3+ 67. Qg3+ Qxg3+ 68. Kxg3 Kf8) 64... Kf8 65. Rb8+ Ke7 66. Qg5+ (66. Rb7+ Kf8 $18) 66... Ke6 67. Rb6+ (67. Qxh4 Qf1+ 68. Kh2 Qe2+ 69. Kg1 Qxe3+ 70. Qf2 Qc1+ 71. Kg2 Qg5+ 72. Kf1 Qc1+ 73. Qe1+ Qxe1+ 74. Kxe1 Kd6) 67... Kd7 68. Rb7+ (68. Qxh4 Qf1+ 69. Kh2 Qe2+ 70. Kg1 Qd1+ 71. Kf2 Qc2+ 72. Kf3 Qd1+ 73. Kf4 Qd5 $18) 68... Ke6 69. Qg4+ (69. Rxf7 Kxf7 70. Qe5 Kg6 71. Kh2 Kh6 72. Kh3 Kh7 73. Qg5 Kh8 74. Kxh4 Kh7 75. Kh5 Kh8 76. Kg6 Kg8 77. Qd8#) 69... Ke5 70. Qd4+ (70. Rxf7 Kd5 71. Rf5+ Kd6 72. Qg6+ Ke7 73. Rf7+ Ke8 74. Qg8#) 70... Kf5 71. Rxf7+ Ke6 72. Rf6+ Ke7 73. Qd6+ Ke8 74. Rf8#) 59... Qxb7 $18 60. Rxb7+ Kh6 61. Nd5 Kg5 62. Rg7+ Kf5 63. Kg2 Ke6 64. Rg5 Kd6 65. Rh5 (65. Nb6 $142) 65... Ke6 $2 (65... Kc5 {might work better.} 66. Nc3+ Kc4 67. Nxe4 Rxe3 68. Rxh4 Kd5) 66. Nf4+ $2 (66. Kh2 $18) 66... Kd6 $16 67. Nd5 $2 (67. Rh6+ $16 Kc5 68. Nd3+ (68. Rxh4 Rxe3 69. Ne6+ Kd5 $16) 68... Kb5 69. Rh5+ (69. Rxh4 Rxe3 70. Nf2 Kc4 $16) 69... Ka4 70. Nc5+ (70. Rxh4 Rxe3 71. Nf2 Kb5 $18) 70... Kb4 71. Nxe4 Rxe3 72. Rxh4) 67... Ke6 $1 $18 68. Nf4+ $2 (68. Kg1 $18 {has better winning chances.}) 68... Kd6 $1 $16 69. Nd5 ({Resist} 69. Rxh4 Rxe3 70. Rh7 Rb3 $16) (69. Rh6+ $16 Kc5 70. Nd3+ (70. Rxh4 Rxe3 71. Ne6+ Kd5 $16) 70... Kb5 71. Rxh4 (71. Rh5+ Ka4 $16) 71... Rxe3 72. Nf2) 1/2-1/2

[Event "German Bundesliga 2024-25"]
[Site "Germany"]
[Date "2025.01.11"]
[Round "5.8"]
[White "Kramer, Julian"]
[Black "Albers, Sasa"]
[Result "1-0"]
[Annotator "TA"]
[ECO "B13"]
[WhiteElo "2480"]
[BlackElo "2249"]
[PlyCount "169"]
[EventDate "2024.09.27"]
[EventType "team-tourn"]
[EventCountry "GER"]
[SourceTitle "playchess.com"]
[Source "ChessBase"]
[SourceQuality "1"]
[WhiteTeam "Hamburg"]
[BlackTeam "Muelheim Nord"]
[TimeControl "40/5400+30:1800+30"]

1. e4 c6 2. d4 d5 3. exd5 cxd5 4. Bd3 Nc6 5. c3 Qc7 6. h3 e6 7. Nf3 Bd6 8. O-O Nge7 9. Re1 O-O 10. b3 Rd8 11. Bb2 Ng6 12. c4 Nf4 13. c5 Bf8 14. Bb5 f6 15. Qd2 Bd7 16. Nc3 Be8 17. Bf1 Bf7 18. g3 Ng6 $1 19. b4 e5 20. Nb5 Qb8 21. dxe5 Ngxe5 22. Nbd4 Nc4 23. Qc3 Qc8 24. a3 N6e5 25. Nd2 (25. Nxe5 $1 $14 fxe5 26. Nf3 Nxb2 27. Qxb2) 25... b6 26. cxb6 axb6 27. Rac1 Qd7 28. f4 Nxd2 ({Black should try} 28... Nxb2 $11 29. fxe5 fxe5) 29. fxe5 $14 (29. Qxd2 Nc4 30. Qf2 b5 $11 (30... Nxa3 31. Nc6 $17)) 29... fxe5 30. Qxd2 exd4 31. Qxd4 Qd6 32. Re5 Qg6 {[%emt 0:00:21] Inhibits Rg5.} 33. Re3 Rd6 34. Rc7 Re8 35. Rxe8 ({White should play} 35. Bd3 $16 Re4 36. Qe5 (36. Bxe4 dxe4 37. Qe5 Rd1+ 38. Kf2 Rd5 $11)) 35... Bxe8 (35... Qxg3+ $11 {remains equal.} 36. Bg2 Bxe8) 36. Kh2 $16 {[%emt 0:00:22] White is much more active.} Bd7 37. Bg2 Be6 $2 (37... Bf5 $16) 38. Rb7 $2 (38. b5 $18) 38... Bf7 (38... Rc6 $142) 39. Rb8 {[%emt 0:00:57] aiming for a4.} Qf6 $2 (39... Re6 $16 40. Qf4 (40. Qxd5 Re2 $11) 40... Re8) 40. Qxf6 (40. a4 $142) 40... gxf6 $18 41. Bd4 Rc6 42. Bf1 (42. Rxb6 $18 {has better winning chances.} Rc2 43. Rxf6 (43. Bxf6 d4 $11)) 42... Bg6 $16 43. Bxb6 (43. Kg1 $16) 43... Kf7 44. Bd4 (44. Rxf8+ $5 Kxf8 45. Bc5+ Kf7 46. a4 $17) 44... Rc2+ 45. Kg1 Bd6 46. Rb7+ Kf8 47. Bc5 Bxc5+ 48. bxc5 Rxc5 $11 {[%emt 0:00:46][%mdl 4096] Endgame KRB-KRB} 49. a4 Ra5 50. Rb4 Ke7 51. Kf2 Kd6 52. Bb5 Be4 53. Ke3 Ke5 54. g4 f5 55. gxf5 Bxf5 56. Rh4 Bg6 57. Bd3 Ra7 58. Bxg6 hxg6 {[%emt 0:00:02] KR-KR} 59. Rb4 g5 60. Rg4 Kf5 61. Kd2 Rh7 62. Rg3 Ke4 63. a5 (63. Rxg5 Rxh3 64. Rg4+ Kf5) 63... Ra7 64. Ra3 Ra6 65. Ra4+ d4 66. Ra3 Kd5 67. Rg3 Kc4 68. Rxg5 Rh6 69. Rg3 Kb4 70. Kd3 Kxa5 71. Kxd4 Kb6 72. Rc3 Re6 {[%emt 0:00:52] [#]} (72... Kb5 $11) 73. Kd5 $1 $16 Re1 74. h4 Rh1 $2 {[%emt 0:00:17][%mdl 8192] Dodges Rh3} (74... Rd1+ $16 75. Ke6 Rh1) 75. Rc4 $18 {[%emt 0:00:05] White wants to mate with Kd6.} Re1 76. Kd6 $2 (76. Rc6+ Kb5 77. Rf6) 76... Kb7 $2 (76... Rh1 $18 77. Ke6 Kb5) 77. h5 Rh1 78. Rc5 Re1 79. Kd7 Kb6 80. Rc6+ Kb5 81. h6 Re2 82. Rg6 Rh2 83. Ke7 Kc5 84. Kf7 Kd5 85. Kg7 1-0

[Event "German Bundesliga 2024-25"]
[Site "Germany"]
[Date "2025.01.11"]
[Round "5.8"]
[White "Feuerstack, Aljoscha"]
[Black "Naumann, Alexander"]
[Result "1/2-1/2"]
[Annotator "TA"]
[ECO "C45"]
[WhiteElo "2471"]
[BlackElo "2476"]
[PlyCount "50"]
[EventDate "2024.09.27"]
[EventType "team-tourn"]
[EventCountry "GER"]
[SourceTitle "playchess.com"]
[Source "ChessBase"]
[SourceQuality "1"]
[WhiteTeam "St. Pauli"]
[BlackTeam "SG Solingen"]
[TimeControl "40/5400+30:1800+30"]

1. e4 e5 2. Nf3 Nc6 3. d4 exd4 4. Nxd4 Nf6 5. Nxc6 bxc6 6. Bd3 d5 7. exd5 cxd5 8. O-O Be7 9. c4 d4 {[%emt 0:11:43] Against Nc3} 10. Nd2 Bg4 11. Qa4+ Qd7 12. Qxd7+ Nxd7 13. Re1 Nc5 {[%emt 0:01:40] Inhibits Nb3.} 14. Bf1 a5 15. Nb3 Nxb3 16. axb3 Be6 17. Bd2 Kd7 $1 {[%emt 0:11:17] White should prevent ...Rhb8.} 18. Rxa5 Rxa5 19. Bxa5 Rb8 20. Rd1 Rxb3 {[%emt 0:01:25][%cal Oc7c5] Hoping for ...c5!.} 21. Rxd4+ Kc6 22. g3 Rxb2 23. Rd1 Bf6 {[%emt 0:03:30] Prevents Bc3.} 24. Bg2+ Kc5 25. Bxc7 Bxc4 1/2-1/2

[Event "German Bundesliga 2024-25"]
[Site "Germany"]
[Date "2025.01.11"]
[Round "5.8"]
[White "Gasthofer, Alexander"]
[Black "Bischoff, Klaus"]
[Result "1/2-1/2"]
[Annotator "TA"]
[ECO "A30"]
[WhiteElo "2388"]
[BlackElo "2433"]
[PlyCount "40"]
[EventDate "2024.09.27"]
[EventType "team-tourn"]
[EventCountry "GER"]
[SourceTitle "playchess.com"]
[Source "ChessBase"]
[SourceQuality "1"]
[WhiteTeam "Bad Mergentheim"]
[BlackTeam "Bayern Muenchen"]
[TimeControl "40/5400+30:1800+30"]

1. Nf3 Nf6 2. c4 e6 3. g3 b6 4. Bg2 Bb7 5. O-O Be7 6. Nc3 c5 7. d4 Ne4 8. Nxe4 Bxe4 9. Bf4 d6 10. Qd2 a5 11. Rad1 Ra6 12. Qe3 Bb7 13. d5 exd5 $1 14. cxd5 O-O 15. Qd3 Ra7 16. Rfe1 Nd7 17. e4 Ba6 18. Qd2 f6 19. Be3 Bc8 20. h3 (20. Nh4 $14) 20... Ne5 1/2-1/2